 Dungeon Crawl Stone Soup version 0.29-a0-360-g8ed1089bbe (webtiles) character file.

Game seed: 18021797415067342946

129 dracfodder the Skirmisher (level 4, -5/42 HPs)
             Began as a Minotaur Abyssal Knight on Apr 28, 2022.
             Was a Priest of Lugonu.
             Slain by Sigmund
             ... wielding a +0 scythe
              (8 damage)
             ... on level 3 of the Dungeon.
             The game lasted 00:08:20 (2000 turns).

dracfodder the Skirmisher (Minotaur Abyssal Knight) Turns: 2000, Time: 00:08:21

Health: -5/42      AC:  4    Str: 19    XL:     4   Next: 88%
Magic:  4/4        EV: 11    Int:  7    God:    Lugonu [***...]
Gold:   158        SH:  0    Dex: 11    Spells: 3/3 levels left

rFire   . . .      SeeInvis +   a - +1 broad axe
rCold   . . .      Faith    .   (no shield)
rNeg    . . .      Spirit   .   b - +1 leather armour
rPois   .          Reflect  .   (helmet restricted)
rElec   .          Harm     .   (no cloak)
rCorr   .          Rampage  .   (no gloves)
Will    .....                   (no boots)
Stlth   +.........              o - amulet of the acrobat
HPRegen 0.14/turn               g - ring of see invisible
MPRegen 0.09/turn               (no ring)

@: on berserk cooldown, slowed, very slow
A: horns 2, retaliatory headbutt
a: Renounce Religion, Depart the Abyss, Bend Space, Banish


You were on level 3 of the Dungeon.
You worshipped Lugonu.
Lugonu was most pleased with you.
You visited 1 branch of the dungeon, and saw 3 of its levels.
You visited the Abyss 1 time.

You collected 158 gold pieces.

Inventory:

Hand Weapons
 a - a +1 broad axe (weapon)
 m - a +1 hand axe
Missiles
 h - 6 javelins (quivered)
Armour
 b - a +1 leather armour (worn)
Jewellery
 g - a ring of see invisible (left hand)
 o - an amulet of the acrobat (around neck)
Scrolls
 f - a scroll of identify
 l - a scroll of amnesia
Potions
 c - a potion of lignification
 d - a potion of berserk rage
 e - a potion of heal wounds
 i - 2 potions of flight
 j - 2 potions of might
 k - 2 potions of haste {unknown}
 n - 2 potions of attraction {unknown}
 p - 2 potions of mutation {unknown}


   Skills:
 + Level 5.0 Fighting
 + Level 4.3 Axes
 + Level 3.1 Armour
 + Level 1.7 Dodging
 + Level 1.8 Invocations


You had 3 spell levels left.
You didn't know any spells.
Your spell library contained the following spells:

 Spells                   Type           Power      Damage    Failure   Level
 Summon Small Mammal      Summ           0%         N/A       50%         1
 Ensorcelled Hibernation  Hex/Ice        0%         N/A       63%         2
 Passwall                 Tmut/Erth      0%         N/A       63%         2
 Call Canine Familiar     Summ           0%         N/A       86%         3
 Summon Guardian Golem    Hex/Summ       0%         N/A       86%         3
 Swiftness                Air            0%         N/A       86%         3
 Summon Lightning Spire   Summ/Air       0%         N/A       99%         4
 Storm Form               Tmut/Air       0%         N/A       100%        7
 Maxwell's Capacitive Co  Air            0%         ∞         100%        8


Dungeon Overview and Level Annotations

Branches:
Dungeon (3/15)

Altars:
Vehumet

Annotations:
D:3 Sigmund


Innate Abilities, Weirdness & Mutations

You have a pair of horns on your head.
You reflexively headbutt those who attack you in melee.


Message History

Sigmund points at you and mumbles some strange words.
The magic dart hits you.
You feel your anger nearly subside. Sigmund misses you.
You are no longer berserk.
You are exhausted.
You feel yourself slow down.
You barely miss Sigmund. You headbutt Sigmund.
Sigmund is lightly wounded.
Sigmund closely misses you.
Sigmund screams, "Die, monster!"
Sigmund barely misses you. You furiously retaliate!
You headbutt Sigmund. You closely miss Sigmund. You headbutt Sigmund.
Sigmund is moderately wounded.
Sigmund hits you with a +0 scythe!
You hit Sigmund but do no damage. Your headbutt misses Sigmund.
Sigmund is moderately wounded.
Sigmund closely misses you.
You hit Sigmund.
Sigmund is moderately wounded.
Sigmund hits you with a +0 scythe!
An iguana comes into view.
Sigmund points at you and mumbles some strange words.
The puff of flame hits you!
* * * LOW HITPOINT WARNING * * *
You closely miss Sigmund.
Sigmund is moderately wounded.
Sigmund casts a spell at you. The puff of flame hits you!
* * * LOW HITPOINT WARNING * * *
Sigmund barely misses you.
You hit Sigmund but do no damage. You headbutt Sigmund.
Sigmund is heavily wounded.
You hit the iguana but do no damage. The iguana completely misses you.
Sigmund barely misses you. The iguana bites you.
* * * LOW HITPOINT WARNING * * *
You closely miss Sigmund.
Sigmund is heavily wounded.
You barely miss the iguana. Sigmund hits you with a +0 scythe!
You die...

##...♣♣≈≈≈≈≈ ♣...##
##...♣♣≈≈###≈≈♣♣...
##..♣♣≈≈# #≈≈ ♣..
#...♣≈≈# #≈ +...♣≈#
+...≈≈# +...♣≈#
#..l♣≈≈# ##.@♣ ≈≈#
##.@.♣♣≈≈ ##...♣
##...♣ #.... #....
#.#. ##... #...#
.###+++###.....
...............


You could see Sigmund and an iguana.

Vanquished Creatures
  Jessica (D:3)
  An iguana (D:3)
  An adder (D:3)
  A worm (D:2)
  A dart slug (D:3)
  6 orcs (D:3)
  9 endoplasms
  2 giant cockroaches (D:3)
  A goblin (D:1)
  5 hobgoblins
  7 kobolds
  3 quokkas
  6 ball pythons
  5 bats
  3 frilled lizards
  4 rats
56 creatures vanquished.

Notes
Turn   | Place    | Note
-------+----------+-------------------------------------------
     0 | Abyss:1  | dracfodder the Minotaur Abyssal Knight began the quest for
                  | the Orb.
     0 | Abyss:1  | Reached XP level 1. HP: 19/19 MP: 1/1
     2 | Abyss:1  | Found a corrupted altar of Lugonu.
    12 | D:1      | Escaped the Abyss
    51 | D:1      | Reached skill level 4 in Fighting
   153 | D:1      | Reached XP level 2. HP: 24/27 MP: 2/2
   298 | D:1      | Found a faded altar of an unknown god.
   731 | D:2      | Reached XP level 3. HP: 30/34 MP: 3/3
   731 | D:2      | Reached *** piety under Lugonu
  1533 | D:3      | Noticed Jessica
  1537 | D:3      | Killed Jessica
  1538 | D:3      | Reached XP level 4. HP: 27/41 MP: 4/4
  1700 | D:3      | Reached skill level 5 in Fighting
  1773 | D:3      | Found a radiant altar of Vehumet.
  1988 | D:3      | Noticed Sigmund
  1999 | D:3      | HP: 2/42 [iguana (2)]
  2000 | D:3      | Slain by Sigmund

Illustrated notes

Levels and vault maps discovered:
D:1:      tarquinn_simple_flora_water_a, layout_rooms,
          hellmonk_ecumenical_altar_run_dry
D:2:      layout_basic, serial_corexii_hall, corexii_hall_statues_s,
          corexii_hall_statues_deadend
D:3:      layout_rooms, mainiacjoe_overflow_alcove_1, kennysheep_donut,
          minmay_misc_feat_five, roderic_roman_lattice, uniq_jessica,
          uniq_sigmund

Skill      XL: |  1  2  3  4 |
---------------+-------------+-----
Fighting       | 4 5 |  5.0
Axes           | 3 4 |  4.3
Armour         | 3 |  3.1
Dodging        | |  1.7
Invocations    | |  1.8

Action                   |  1- 3 |  4- 6 || total
-------------------------+-------+-------++-------
Melee: Hand axe          |    27 |       ||    27
       Headbutt          |     7 |     6 ||    13
       Broad axe         |    62 |    26 ||    88
  Use: Scroll            |     5 |     3 ||     8
       Potion            |       |     4 ||     4
Armor: Leather armour    |    15 |     3 ||    18
Dodge: Dodged            |    68 |    20 ||    88

Table legend: (Time is in decaauts)
 A = Elapsed time spent in this place.
 B = Non-inter-level travel time spent in this place.
 C = Inter-level travel time spent in this place.
 D = Time resting spent in this place.
 E = Time spent auto-exploring this place.
 F = Levels seen in this place.
 G = Mean time per level.
                   A        B        C        D        E       F      G
               +--------+--------+--------+--------+--------+-----+--------+
         Total |   2043 |   1998 |     45 |    244 |   1356 |   4 |  510.8 |
       Dungeon |   2031 |   1986 |     45 |    244 |   1355 |   3 |  677.0 |
         Abyss |     12 |     12 |      0 |      0 |      1 |   1 |   12.0 |
               +--------+--------+--------+--------+--------+-----+--------+

Top non-repeatable levels by time:
     D:2: 875 daAuts
     D:1: 648 daAuts
     D:3: 507 daAuts
 Abyss:1: 12 daAuts
